 Dungeon Crawl Stone Soup version 0.29.0-7-g18a832c13a (webtiles) character file.

Game seed: 3900795532772720277

16417 mtoz the Fighter (level 12, -3/169 HPs)
             Began as a Minotaur Berserker on Sept 1, 2022.
             Was a Priest of Trog.
             Slain by a molten gargoyle
             ... wielding a +0 morningstar
              (5 damage)
             ... in a volcano.
             The game lasted 00:33:50 (13964 turns).

mtoz the Fighter (Minotaur Berserker)              Turns: 13964, Time: 00:33:51

Health: -3/169     AC: 22    Str: 33    XL:     12   Next: 9%
Magic:  11/11      EV: 12    Int:  4    God:    Trog [***...]
Gold:   917        SH:  0    Dex: 10    Spells: 11/11 levels left

rFire   . . .      SeeInvis .   a - +0 battleaxe (vamp)
rCold   . . .      Faith    +   (shield currently unavailable)
rNeg    . . .      Spirit   .   P - +0 plate armour
rPois   .          Reflect  .   (helmet restricted)
rElec   .          Harm     .   G - +2 cloak {rCorr}
rCorr   +          Rampage  .   L - +2 pair of gloves
Will    +++..                   (no boots)
Stlth   ..........              O - amulet of faith
HPRegen 1.38/turn               o - +6 ring of strength
MPRegen 0.12/turn               v - ring of willpower

@: berserking, strong-willed, regenerating, very quick
A: horns 2, retaliatory headbutt
a: Renounce Religion, Berserk, Trog's Hand


You were in a volcano.
You worshipped Trog.
Trog was most pleased with you.
You visited 2 branches of the dungeon, and saw 12 of its levels.
You also visited: Volcano.

You collected 917 gold pieces.

Inventory:

Hand Weapons
 a - a +0 vampiric battleaxe (weapon)
 l - a +3 flail of freezing
 w - a +0 war axe
 J - a +5 morningstar
 M - a +0 hand axe
 S - a +2 hand axe of flaming
Armour
 u - a scarf of repulsion
 G - a +2 cloak of preservation (worn)
 L - a +2 pair of gloves (worn)
 P - a +0 plate armour (worn)
Jewellery
 o - a +6 ring of strength (left hand)
 v - a ring of willpower (right hand)
 x - a +4 ring of slaying
 B - an amulet of the acrobat
 N - a ring of flight
 O - an amulet of faith (around neck)
 R - a ring of willpower
Wands
 i - a wand of paralysis (8)
 y - a wand of roots (17)
 A - a wand of light (13)
 H - a wand of mindburst (8)
Scrolls
 d - 5 scrolls of teleportation
 e - a scroll of enchant armour
 g - 2 scrolls of vulnerability
 j - 2 scrolls of poison
 n - 2 scrolls of brand weapon
 p - 3 scrolls of blinking {unknown}
 q - 2 scrolls of enchant weapon {unknown}
 r - 4 scrolls of butterflies {unknown}
 s - 2 scrolls of silence {unknown}
 C - 2 scrolls of immolation {unknown}
 F - 3 scrolls of magic mapping {unknown}
Potions
 b - a potion of haste
 c - 2 potions of flight
 f - 8 potions of curing
 h - 5 potions of lignification
 k - a potion of invisibility
 m - 3 potions of cancellation
 t - a potion of heal wounds
 z - a potion of attraction
 D - a potion of resistance
 E - a potion of mutation
 I - a potion of magic
 K - a potion of might {unknown}
 Q - a potion of ambrosia


   Skills:
 + Level 12.4 Fighting
 + Level 12.4 Axes
 + Level 12.1 Armour
 + Level 11.2 Dodging


You had 11 spell levels left.
You didn't know any spells.
Your spell library was empty.

Dungeon Overview and Level Annotations

Branches:
Dungeon (11/15)            Temple (0/1) D:6            Lair (1/5) D:11
Volcano (1/1)
    Orc: D:9-12

Altars:
Dithmenos
Elyvilon
Fedhas
Gozag
Makhleb
Okawaru
Sif Muna
Trog
Uskayaw
Xom
Yredelemnul
Zin

Shops:
D:11 (


Innate Abilities, Weirdness & Mutations

You have a pair of horns on your head.
You reflexively headbutt those who attack you in melee.


Message History

You are engulfed in blazing flames.
The molten gargoyle blasts magma at you!
The bolt of magma hits you!
A red film seems to cover your vision as you go berserk!
You feel yourself moving faster!
You feel mighty!
You are engulfed in blazing flames.
* * * LOW HITPOINT WARNING * * *
The molten gargoyle blasts magma at you!
The bolt of magma misses you.
You barely miss the molten gargoyle.
The molten gargoyle is severely damaged.
You slash the red draconian!
You feel better.
You are engulfed in blazing flames.
* * * LOW HITPOINT WARNING * * *
The red draconian breathes fire at you. The searing blast hits you!
* * * LOW HITPOINT WARNING * * *
The molten gargoyle barely misses you.
You closely miss the red draconian.
The red draconian is lightly wounded.
You barely miss the molten gargoyle.
The red draconian hits you but does no damage.
The molten gargoyle closely misses you.
You slash the red draconian!
You feel better.
You headbutt the red draconian!
The red draconian is moderately wounded.
You hit the molten gargoyle but do no damage.
The red draconian hits you with a +1 halberd of flaming!
* * * LOW HITPOINT WARNING * * *
The red draconian burns you.
* * * LOW HITPOINT WARNING * * *
The molten gargoyle blasts magma at you!
The bolt of magma misses you.
You hit the red draconian but do no damage.
The red draconian is moderately wounded.
You slash the molten gargoyle! The red draconian breathes fire at you.
The searing blast hits you!
* * * LOW HITPOINT WARNING * * *
The molten gargoyle hits you with a +0 morningstar.
You die...

### ###..###
#.)$:..# #.$!$..#
#.[$[d9# ##### #@#
.##.# ######.#
....#### ##...##.###
§§....8###....#..8.#
§§.......)..∩.')._.#
≈≈....8###...)#).8.#
≈≈§..### ##...##.###
≈≈≈..## ######.#
≈≈§≈..## ###..#)#


You could see a red draconian (catching breath) and a molten gargoyle.

Vanquished Creatures
  A boulder beetle (D:9)
  A salamander mystic (Volcano)
  Pikel (D:6)
  A manticore (D:10)
  An ugly thing (D:11)
  4 salamanders (Volcano)
  3 cyclopes (D:11)
  Maggie (D:8)
  A molten gargoyle (Volcano)
  A gargoyle (D:11)
  A freezing wraith (D:11)
  2 komodo dragons (D:11)
  A kobold demonologist (D:11)
  A troll (D:11)
  A shadow (D:10)
  2 wyverns
  3 wraiths
  9 yaks
  7 fire bats (Volcano)
  3 vampire mosquitoes (D:11)
  A steam dragon (D:11)
  An acid dragon (D:8)
  Duvessa (D:7)
  4 water moccasins
  5 orc warriors
  3 ice beasts
  3 black bears
  An ogre (D:6)
  5 wolves (Lair:1)
  3 centaurs
  A lemure (D:6)
  2 phantoms
  A kobold brigand (D:8)
  2 bullfrogs
  2 necrophages
  2 gnoll sergeants
  3 scorpions
  Dowan (D:7)
  8 wights
  11 killer bees (D:8)
  4 howler monkeys
  6 lava snakes (Volcano)
  4 hounds
  9 orc priests
  Crazy Yiuf (D:5)
  4 iguanas
  12 orc wizards
  17 gnolls
  9 adders
  2 shadow imps
  2 worms
  37 orcs
  2 ball pythons
  6 bats
  5 endoplasms
  2 giant cockroaches
  2 goblins
  5 hobgoblins
  2 jackals (D:3)
  5 kobolds
  4 quokkas
  5 frilled lizards
  4 rats
  A spectral orc (D:8)
255 creatures vanquished.

Vanquished Creatures (others)
  A basilisk (D:11)
  An orc warrior (D:11)
  4 plants
6 creatures vanquished.

Grand Total: 261 creatures vanquished

Notes
Turn   | Place    | Note
-------+----------+-------------------------------------------
     0 | D:1      | mtoz the Minotaur Berserker began the quest for the Orb.
     0 | D:1      | Reached XP level 1. HP: 19/19 MP: 0/0
   105 | D:1      | Reached XP level 2. HP: 6/27 MP: 1/1
   385 | D:1      | Found a faded altar of an unknown god.
  1345 | D:2      | Reached XP level 3. HP: 24/33 MP: 2/2
  1713 | D:2      | Reached ** piety under Trog
  2126 | D:3      | Found a bloodstained altar of Trog.
  2182 | D:3      | Reached XP level 4. HP: 41/41 MP: 3/3
  2435 | D:3      | Found a shimmering altar of Xom.
  2437 | D:3      | Found an iron altar of Okawaru.
  2437 | D:3      | Found a snail-covered altar of Cheibriados.
  2439 | D:3      | Found a burning altar of Makhleb.
  2439 | D:3      | Found a white marble altar of Elyvilon.
  2439 | D:3      | Found a shimmering blue altar of Sif Muna.
  2594 | D:4      | Found a white marble altar of Elyvilon.
  2790 | D:4      | Noticed a scorpion
  2799 | D:4      | Killed a scorpion
  2800 | D:4      | Reached XP level 5. HP: 47/47 MP: 4/4
  3146 | D:5      | Entered Level 5 of the Dungeon
  3163 | D:5      | Reached skill level 5 in Fighting
  3163 | D:5      | Reached skill level 5 in Axes
  3182 | D:5      | Reached XP level 6. HP: 40/56 MP: 5/5
  3341 | D:5      | Found an opulent altar of Gozag.
  3487 | D:5      | Found a runed translucent door.
  3488 | D:5      | Noticed Crazy Yiuf
  3579 | D:5      | Noticed an ice beast
  3589 | D:5      | Killed an ice beast
  3924 | D:5      | Identified the +10 whip of Zealous Prudence {pain, rPois
                  | Str+2}
  3997 | D:5      | Reached skill level 5 in Armour
  3997 | D:5      | Reached XP level 7. HP: 46/62 MP: 6/6
  4190 | D:5      | Found a glowing silver altar of Zin.
  4269 | D:5      | Killed Crazy Yiuf
  4589 | D:6      | Reached skill level 5 in Dodging
  4773 | D:6      | Reached XP level 8. HP: 37/71 MP: 7/7
  5154 | D:6      | Found a staircase to the Ecumenical Temple.
  5265 | D:6      | Found a shadowy altar of Dithmenos.
  5941 | D:7      | Noticed Pikel
  5958 | D:6      | Killed Pikel
  5959 | D:6      | Reached XP level 9. HP: 35/81 MP: 8/8
  6532 | D:7      | Noticed Dowan
  6535 | D:7      | Noticed Duvessa
  6543 | D:7      | Killed Duvessa
  6547 | D:7      | Killed Dowan
  6833 | D:7      | Reached *** piety under Trog
  7163 | D:7      | Found a hide-covered altar of Uskayaw.
  7330 | D:7      | Found a blossoming altar of Fedhas.
  7937 | D:8      | Reached XP level 10. HP: 85/91 MP: 9/9
  8357 | D:8      | Reached **** piety under Trog
  8750 | D:8      | Noticed Maggie
  8764 | D:8      | Killed Maggie
  8863 | D:8      | Found a burning altar of Makhleb.
  8918 | D:8      | Found a shimmering blue altar of Sif Muna.
  8991 | D:8      | Found a basalt altar of Yredelemnul.
  9318 | D:9      | Reached skill level 10 in Fighting
  9506 | D:9      | Noticed a boulder beetle
  9532 | D:9      | Killed a boulder beetle
  9533 | D:9      | Reached skill level 10 in Axes
  9829 | D:9      | You fall into a shaft and drop 2 floors!
  9833 | D:11     | Noticed a cyan ugly thing
  9841 | D:11     | Killed a cyan ugly thing
  9911 | D:11     | Reached skill level 10 in Armour
  9922 | D:10     | Entered Level 10 of the Dungeon
  9952 | D:10     | Noticed a manticore
  9962 | D:10     | Killed a manticore
 10135 | D:9      | Reached XP level 11. HP: 81/101 MP: 10/10
 11756 | D:11     | Reached skill level 10 in Dodging
 11762 | D:11     | Found Kiqaumn's Weapon Boutique.
 12119 | D:11     | Noticed a soul eater
 12693 | D:11     | Found a staircase to the Lair.
 12709 | Lair:1   | Entered Level 1 of the Lair of Beasts
 13078 | Lair:1   | Found a dark tunnel.
 13090 | Volcano  | Entered a volcano
 13434 | Volcano  | Found a burning altar of Makhleb.
 13434 | Volcano  | Noticed a salamander mystic
 13441 | Volcano  | Killed a salamander mystic
 13442 | Volcano  | HP: 3/156 [salamander/+1 vampiric spear (12)]
 13444 | Volcano  | Reached XP level 12. HP: 11/113 MP: 11/11
 13955 | Volcano  | Noticed a red draconian
 13964 | Volcano  | HP: 2/169 [red draconian/searing blast (17)]
 13964 | Volcano  | Slain by a molten gargoyle

Illustrated notes

Levels and vault maps discovered:
D:1:      erik_arrival_blinker_ship, layout_loops_ring,
          shapermc_ecumenical_altar_acropolis, hangedman_glass_garden
D:2:      layout_loops_cross, wad_floor_pattern_untrapped,
          minmay_misc_feat_square, kennysheep_generic_room_2
D:3:      layout_basic, general_overflow_altar, doesnt_xom_only_xom,
          guppyfry_early_lair_pool
D:4:      layout_loops_ring, mainiacjoe_overflow_small_starburst
D:5:      layout_loops_cross, zin_scriptorium, grunt_gozag_statues,
          uniq_crazy_yiuf_cottage
D:6:      layout_cave_pods, grunt_dithmenos_smoke_and_mirrors,
          minmay_temple_entry_waves
D:7:      layout_loops_ring, kennysheep_little_box, marbit_many_paths,
          chequers_serial_rivers_small_b, kennysheep_generic_room_3,
          uniq_duvessa, uniq_pikel
D:8:      layout_cave_pools, kennysheep_mini, lemuel_blue_sif_altar,
          yredelemnul_forgotten_temple_becter, uniq_maggie
D:9:      layout_grid_maze
D:10:     layout_cave_pools, mrwooster_statue_mirror
D:11:     layout_cave_pods, erik_lair_dragon, serial_shops,
          nicolae_shop_bloodbath_and_beyond, billiards_dpeg
Lair:1:   layout_gridlike, enter_volcano_1, kennysheep_snail_temple,
          grunt_megastairs_2, serial_bayou_shore_b, lemuel_fruit_tree
Volcano:  volcano_grotto [vgs_original]

Skill      XL: |  1  2  3  4  5  6  7  8  9 10 11 |
---------------+----------------------------------+-----
Fighting       | 4 5 6 8 9 10 12 | 12.4
Axes           | 4 5 6 7 9 10 12 | 12.4
Armour         | 3 4 5 6 7 9 10 12 | 12.1
Dodging        | 3 4 5 6 8 9 11 | 11.2

Action                   |  1- 3 |  4- 6 |  7- 9 | 10-12 || total
-------------------------+-------+-------+-------+-------++-------
Melee: Hand axe          |    91 |    83 |    71 |       ||   245
       Headbutt          |    14 |    21 |    43 |    50 ||   128
       War axe           |       |       |   162 |    14 ||   176
       Flail             |       |       |    10 |       ||    10
       Punch             |       |       |     2 |       ||     2
       Battleaxe         |       |       |       |   267 ||   267
Invok: Berserk           |     1 |     1 |     4 |     9 ||    15
       Trog's Hand       |       |     3 |     4 |    16 ||    23
       Brothers in Arms  |       |       |       |     1 ||     1
  Use: Scroll            |       |       |     5 |    16 ||    21
       Potion            |       |       |       |     1 ||     1
 Stab: Sleeping          |     1 |       |       |       ||     1
Armor: Animal skin       |    10 |       |       |       ||    10
       Scale mail        |    34 |    10 |       |       ||    44
       Chain mail        |       |    31 |   152 |    91 ||   274
       Plate armour      |       |       |       |   138 ||   138
Dodge: Dodged            |    58 |    36 |   147 |   243 ||   484
